 Dungeon Crawl Stone Soup version 0.17-a0-18-gc25b939 (webtiles) character file.

65 Chiseanne the Skirmisher (level 3, 0/54 HPs)
             Began as a Minotaur Wanderer on Mar 11, 2015.
             Succumbed to a gnoll's poison
             ... on level 2 of the Dungeon.
             The game lasted 00:04:20 (1345 turns).

Chiseanne the Skirmisher (Minotaur Wanderer)        Turns: 1345, Time: 00:04:20

Health: 0/54       AC:  6    Str: 20    XL:     3   Next: 92%
Magic:  2/2        EV: 10    Int: 10    God:
Gold:   102        SH:  0    Dex: 10    Spells: 0 memorised, 2 levels left

rFire  . . .     SeeInvis .       - Unarmed
rCold  . . .     Clarity  .     m - +0 scale mail
rNeg   . . .     SustAb   .     (no shield)
rPois  .         Gourm    .     (helmet restricted)
rElec  .         Spirit   .     (no cloak)
rCorr  .         Warding  .     (no gloves)
rMut   .         Stasis   .     (no boots)
MR     .....                    (no amulet)
Stlth  ..........               (no ring)
                                (no ring)

@: berserking, lethally poisoned (0 -> -18), very quick, not resistant to
hostile enchantments, extremely unstealthy
A: retaliatory headbutt, horns 2
a: no special abilities


You were on level 2 of the Dungeon.
You were not hungry.

You visited 1 branch of the dungeon, and saw 2 of its levels.

You collected 102 gold pieces.

Inventory:

Missiles
 c - 19 arrows of frost
 d - 12 steel sling bullets
Armour
 m - a +0 scale mail (worn)
Scrolls
 h - a scroll of fear {unknown}
 l - a scroll of fog {unknown}
 n - a scroll of enchant weapon {unknown}
 o - a scroll of enchant armour {unknown}
 p - a scroll of magic mapping {unknown}
Potions
 a - a potion of berserk rage
 b - 2 potions of curing
 e - 2 potions of heal wounds {unknown}
 g - 2 potions of lignification {unknown}
 j - a potion of ambrosia {unknown}
 q - a potion of agility {unknown}
Comestibles
 f - a bread ration
 i - 7 fruits
 k - a meat ration


   Skills:
 * Level 5.0 Fighting
   Level 2.4 Maces & Flails
 - Level 1.0 Throwing
 * Level 1.3 Armour
 * Level 1.8 Dodging
 - Level 3.2 Unarmed Combat
   Level 1.0 Evocations


You had 2 spell levels left.
You didn't know any spells.

Dungeon Overview and Level Annotations

Branches:
Dungeon (2/15)

Altars:


Innate Abilities, Weirdness & Mutations

You reflexively headbutt those who attack you in melee.
You have a pair of horns on your head.


Message History

A red film seems to cover your vision as you go berserk!
You feel yourself moving faster!
You feel mighty! The gnoll hits you but does no damage.
You are poisoned.
You punch the gnoll!
The gnoll is heavily wounded.
You feel sick.
The gnoll hits you with a spear of venom.
* * * LOW HITPOINT WARNING * * *
You are more poisoned.
You hit the gnoll.
The gnoll is severely wounded.
* * * LOW HITPOINT WARNING * * *
You feel sick.
You hit the gnoll.
You kill the gnoll!
* * * LOW HITPOINT WARNING * * *
You feel sick.
You are too berserk!
You die...

#.######.####.# #.# #.#
#.# #.# #.# #.# #.# #.#
#.# #.# #.####.## #.####
#.......# #....#
##..##..########
.....####..##.........###
.......##..###.#@.........
..............#....##.###
.......##..###.#)###
.#...####).###....#
.#(.............>.g...#
......###.#####...###g#
...........# ##.##
#.....###).# #.# ##...##
#..# #.#


There were no monsters in sight!

Vanquished Creatures
  2 gnolls (D:2)
  A worm (D:2)
  3 giant geckos (D:1)
  A ball python (D:2)
  5 goblins
  5 hobgoblins
  5 kobolds (D:1)
  An ooze (D:1)
  6 bats (D:1)
  2 giant cockroaches (D:1)
  2 giant newts (D:1)
  4 rats
37 creatures vanquished.

Notes
Turn   | Place    | Note
--------------------------------------------------------------
     0 | D:1      | Chiseanne, the Minotaur Wanderer, began the quest for the Orb.
     0 | D:1      | Chiseanne set off with: 2 potions of berserk rage, 2 potions of curing, a +0 robe, a +0 club, a bread ration
     0 | D:1      | Reached XP level 1. HP: 19/19 MP: 1/1
   214 | D:1      | Reached skill level 4 in Fighting
   354 | D:1      | Reached XP level 2. HP: 25/27 MP: 1/1
   599 | D:1      | Reached skill level 1 in Armour
   794 | D:1      | Reached XP level 3. HP: 31/34 MP: 2/2
   991 | D:1      | Reached skill level 1 in Dodging
  1340 | D:2      | Reached skill level 5 in Fighting
  1344 | D:2      | HP: 2/54 [poisoned by a gnoll]
  1345 | D:2      | Succumbed to a gnoll's poison

Action                   || total
-------------------------++-------
Melee: Unarmed           ||   110
  Use: Scroll            ||     1
       Potion            ||     1
  Eat: Chunk             ||     1
